 Dungeon Crawl Stone Soup version 0.29.0-7-g18a832c13a (webtiles) character file.

Game seed: 13274855893528994297

21 Axelsxxd the Shield-Bearer (level 2, -1/29 HPs)
             Began as a Gnoll Fighter on Aug 31, 2022.
             Frozen to death by an endoplasm (5 damage)
             ... on level 1 of the Dungeon.
             The game lasted 00:00:49 (373 turns).

Axelsxxd the Shield-Bearer (Gnoll Fighter)           Turns: 373, Time: 00:00:49

Health: -1/29      AC:  7    Str: 15    XL:     2   Next: 83%
Magic:  2/2        EV:  9    Int:  7    God:
Gold:   63         SH:  5    Dex: 11    Spells: 2/2 levels left

rFire   . . .      SeeInvis .   a - +0 war axe
rCold   . . .      Faith    .   c - +0 buckler
rNeg    . . .      Spirit   .   b - +0 scale mail
rPois   +          Reflect  .   (no helmet)
rElec   .          Harm     .   (no cloak)
rCorr   .          Rampage  .   (no gloves)
Will    .....                   (no boots)
Stlth   ..........              (no amulet)
HPRegen 0.09/turn               f - ring of poison resistance
MPRegen 0.08/turn               (no ring)

@: no status effects
A: fangs 1, strong nose, distributed training
a: no special abilities


You were on level 1 of the Dungeon.
You visited 1 branch of the dungeon, and saw 1 of its levels.

You collected 63 gold pieces.

Inventory:

Hand Weapons
 a - a +0 war axe (weapon)
Armour
 b - a +0 scale mail (worn)
 c - a +0 buckler (worn)
Jewellery
 f - a ring of poison resistance (left hand)
Scrolls
 e - a scroll of amnesia {unknown}
 g - a scroll of magic mapping {unknown}
 h - a scroll of fear {unknown}
 j - a scroll of torment {unknown}
Potions
 d - a potion of might
 i - a potion of curing {unknown}


   Skills:
 + Level 6.5 Fighting
 + Level 0.5 Short Blades
 + Level 0.5 Long Blades
 + Level 4.5 Axes
 + Level 0.5 Maces & Flails
 + Level 0.5 Polearms
 + Level 0.5 Staves
 + Level 0.5 Ranged Weapons
 + Level 0.5 Throwing
 + Level 6.5 Armour
 + Level 0.5 Dodging
 + Level 0.5 Stealth
 + Level 6.5 Shields
 + Level 0.5 Unarmed Combat
 + Level 0.5 Spellcasting
 + Level 0.4 Conjurations
 + Level 0.4 Hexes
 + Level 0.4 Summonings
 + Level 0.4 Necromancy
 + Level 0.4 Translocations
 + Level 0.4 Transmutations
 + Level 0.4 Fire Magic
 + Level 0.4 Ice Magic
 + Level 0.4 Air Magic
 + Level 0.4 Earth Magic
 + Level 0.4 Poison Magic
 + Level 0.7 Invocations
 + Level 0.5 Evocations


You had 2 spell levels left.
You didn't know any spells.
Your spell library was empty.

Dungeon Overview and Level Annotations

Branches:
Dungeon (1/15)

Altars:


Innate Abilities, Weirdness & Mutations

You have very sharp teeth.
Your uncanny sense of smell can sniff out nearby items.
Your experience applies equally to all skills.


Message History

Found a yellow potion.
A bat comes into view.
The goblin hits you but does no damage.
A goblin comes into view.
It is wielding a +1 dagger of electrocution.
You see here a black potion.
You closely miss the goblin. The bat barely misses you.
The goblin hits you with a +0 dagger. The bat hits you but does no damage.
You closely miss the goblin. You hit the bat. You barely miss the goblin.
You block the bat's attack. The goblin misses you.
The goblin hits you with a +0 dagger.
The goblin hits you with a +1 dagger of electrocution.
The goblin hits you with a +0 dagger.
You barely miss the goblin. You bite the goblin.
The goblin is moderately wounded.
You hit the goblin but do no damage. The bat hits you but does no damage.
The goblin hits you with a +1 dagger of electrocution.
You are electrocuted!
* * * LOW HITPOINT WARNING * * *
The goblin hits you with a +0 dagger.
* * * LOW HITPOINT WARNING * * *
There is a stone staircase leading down here.
You slash the goblin!
You kill the goblin!
You block the bat's attack.
You closely miss the goblin.
The goblin is moderately wounded.
The goblin hits you but does no damage. x2
You closely miss the goblin.
The goblin is moderately wounded.
The goblin closely misses you.
You closely miss the goblin.
The goblin is moderately wounded.
The goblin hits you with a +0 dagger.
* * * LOW HITPOINT WARNING * * *
You slash the goblin!
You kill the goblin!
You block the bat's attack. The endoplasm freezes you.
You are frozen.
You die...

#.##†###.# ##.##.
#.##.....#### #.###
#.######....# #.#.. ..#
#.##.# #.#.# ### #.# #
#.#.# #.# #...# #.#
#.#.# #.# #.#.# #@#
#.#.. #J# #.###
...........# #.###
..###b..############...†
...### ...........# ##..
∆...........# #..
.#########.. #. #.# #!
#..


You could see an endoplasm and a bat.

Vanquished Creatures
  A gnoll (D:1)
  A dart slug (D:1)
  2 bats (D:1)
  2 goblins (D:1)
  A hobgoblin (D:1)
  2 ball pythons (D:1)
  A frilled lizard (D:1)
  A rat (D:1)
11 creatures vanquished.

Notes
Turn   | Place    | Note
-------+----------+-------------------------------------------
     0 | D:1      | Axelsxxd the Gnoll Fighter began the quest for the Orb.
     0 | D:1      | Reached XP level 1. HP: 23/23 MP: 1/1
   196 | D:1      | Reached XP level 2. HP: 29/29 MP: 2/2
   373 | D:1      | Frozen to death by an endoplasm

Illustrated notes

Levels and vault maps discovered:
D:1:      co_arrival_square_in_a_square_in_a_square, layout_loops_ring

Action                   || total
-------------------------++-------
Melee: War axe           ||    30
       Bite              ||     3
Armor: Scale mail        ||    14
Dodge: Dodged            ||    14
Block: Buckler           ||    11
